 Dungeon Crawl Stone Soup version 0.23.0 (webtiles) character file.

Game seed: 7160548145743982023

161 Raymar the Twirler (level 5, -1/67 HPs)
             Began as a Minotaur Gladiator on Feb 10, 2019.
             Slain by a slave (2 damage)
             ... led by Pikel
             ... on level 4 of the Dungeon.
             The game lasted 00:09:07 (3016 turns).

Raymar the Twirler (Minotaur Gladiator)             Turns: 3016, Time: 00:09:07

Health: -1/67      AC: 22    Str: 18 (19) XL:     5   Next: 19%
Magic:  0/4        EV:  2    Int:  7 (10) God:
Gold:   176        SH:  0    Dex: 10 (12) Spells: 4/4 levels left

rFire    . . .     SeeInvis .   p - +3 spear (pierce)
rCold    . . .     Gourm    .   (no shield)
rNeg     + + +     Faith    .   (armour currently unavailable)
rPois    +         Spirit   +   (helmet currently unavailable)
rElec    .         Reflect  .   (cloak currently unavailable)
rCorr    .         Harm     .   (gloves currently unavailable)
MR       .....     NoTele   +   (boots currently unavailable)
Stlth    +.........             t - amulet of guardian spirit
HPRegen  0.21/turn              (no ring)
MPRegen  0.09/turn              (no ring)

@: brilliant, tree-form, heavily drained
A: (retaliatory headbutt)
a: no special abilities


You were on level 4 of the Dungeon.
You were hungry.
You were a tree.
You visited 1 branch of the dungeon, and saw 4 of its levels.

You collected 176 gold pieces.

Inventory:

Hand Weapons
 p - a +3 spear of piercing (weapon)
Missiles
 d - 3 throwing nets (quivered)
Armour
 c - a +0 hat (melded)
 e - a +1 scale mail of fire resistance (melded)
 k - a +2 pair of gloves (melded)
 s - a +1 cloak (melded)
Jewellery
 m - an uncursed amulet of harm
 t - an amulet of guardian spirit (around neck)
Scrolls
 h - a scroll of magic mapping
 i - a scroll of immolation
 q - a scroll of teleportation
 r - 2 scrolls of fear
Potions
 b - a potion of cancellation
Comestibles
 a - a chunk of flesh
 f - 6 rations


   Skills:
 * Level 3.5(2.3) Fighting
 * Level 2.5(2.6) Polearms
   Level 4.2(3.4) Staves
 + Level 2.1(1.0) Throwing
 + Level 2.8(1.7) Armour
 + Level 4.1(2.9) Dodging


You had 4 spell levels left.
You didn't know any spells.
Your spell library was empty.

Dungeon Overview and Level Annotations

Branches:
Dungeon (4/15)
 Temple: D:4-7

Altars:
Gozag
Uskayaw
Xom

Annotations:
D:4 Pikel


Innate Abilities, Weirdness & Mutations

((You reflexively headbutt those who attack you in melee.))
((You have a pair of horns on your head.))


Message History

The slave hits you but does no damage. x2; Pikel zaps a wand.
You barely resist. The slave barely misses you.
The slave hits you but does no damage.
You hit Pikel but do no damage.
Pikel is heavily wounded.
The slave hits you but does no damage. The slave hits you.
* * * LOW HITPOINT WARNING * * *
Pikel zaps a wand.
You are blasted!
* * * LOW HITPOINT WARNING * * *
The slave hits you but does no damage. x2
Unknown command.
You closely miss Pikel.
Pikel is heavily wounded.
The slave hits you but does no damage. x2; Pikel hits you but does no damage.
The slave hits you but does no damage. The slave hits you.
* * * LOW HITPOINT WARNING * * *
Unknown command.
You hit Pikel.
Pikel is severely wounded.
The slave hits you but does no damage. The slave hits you.
You die...

#### ## ##..###
##.##.....##
#..........# #....
#.........####
#...###.......##...#
##...##............#
#....##...p♣p.....##
#....#....pKp....##
##..............##
##.......>.......##
##.................#
##....##.......#...##
#....#..........##.#
###...##..÷##.###....#
..#............#.......#


You could see Pikel and 4 slaves.

Vanquished Creatures
  2 orc priests (D:3)
  3 adders (D:2)
  2 worms (D:2)
  3 leopard geckos
  An orc (D:3)
  2 ball pythons (D:1)
  7 bats
  7 giant cockroaches
  7 goblins
  6 hobgoblins
  5 jackals
  2 quokkas
  5 frilled lizards
  8 kobolds
  3 rats (D:1)
63 creatures vanquished.

Notes
Turn   | Place    | Note
-------+----------+-------------------------------------------
     0 | D:1      | Raymar the Minotaur Gladiator began the quest for the Orb.
     0 | D:1      | Reached XP level 1. HP: 18/18 MP: 0/0
    68 | D:1      | Reached XP level 2. HP: 21/25 MP: 1/1
   913 | D:2      | Reached XP level 3. HP: 30/30 MP: 2/2
   965 | D:2      | Found a hide-covered altar of Uskayaw.
   973 | D:2      | Reached skill level 1 in Armour
  1040 | D:2      | Reached skill level 1 in Polearms
  1379 | D:2      | Reached XP level 4. HP: 18/38 MP: 3/3
  1803 | D:2      | Found a shimmering altar of Xom.
  2722 | D:3      | Reached XP level 5. HP: 44/45 MP: 4/4
  2750 | D:3      | Found an opulent altar of Gozag.
  2989 | D:4      | Noticed Pikel
  2989 | D:4      | Noticed a slave
  2989 | D:4      | Noticed a slave
  3001 | D:4      | Noticed a slave
  3002 | D:4      | Noticed a slave
  3014 | D:4      | HP: 2/67 [disintegration (8)]
  3016 | D:4      | Slain by a slave

Skill      XL: |  1  2  3  4 |
---------------+-------------+-----
Staves         | 4 |  4.2
Armour         | 1 2 |  2.8
Polearms       | 1 2 |  2.5
Fighting       | 3 |  3.5
Dodging        | 4 |  4.1
Throwing       | |  2.1

Action                   |  1- 3 |  4- 6 || total
-------------------------+-------+-------++-------
Melee: Quarterstaff      |    29 |       ||    29
       Headbutt          |    12 |     9 ||    21
       Spear             |    66 |    47 ||   113
  Use: Scroll            |     5 |     7 ||    12
       Potion            |       |     6 ||     6
  Eat: Chunk             |     1 |     5 ||     6
Armor: Leather armour    |     5 |       ||     5
       Scale mail        |    34 |    20 ||    54
       Skin              |       |    25 ||    25
Dodge: Dodged            |    75 |    31 ||   106
